Map: Backwater LE

Players

JackO

  • Race: Protoss Protoss
  • Spawn Location: 5:00

DnS - Winner!

  • Race: Protoss Protoss
  • Spawn Location: 11:00

Event: WCS Leipzig 2018

VOD

Have the link to the VOD?

Description

Time

  • Played on: Jan. 26, 2018, 6:27 a.m.
  • Length: 7:31

All games in this series

Show
View Real Time Build Order
Export as new Build Order

JackO Protoss 

Build Orders:  

Get SALT Encoding   

  12  0:00  Probe  
  13  0:12  Probe  
  14  0:19  Pylon  
  14  0:24  Probe  
  15  0:37  Probe (Chrono Boost), Gateway  
  16  0:43  Assimilator  
  16  0:49  Probe (Chrono Boost)  
  17  0:54  Probe (Chrono Boost), Assimilator  
  18  1:04  Probe  
  19  1:13  Gateway  
  19  1:16  Probe (Chrono Boost)  
  20  1:24  Cybernetics Core  
  20  1:29  Probe (Chrono Boost)  
  21  1:34  Probe (Chrono Boost)  
  22  1:42  Pylon  
  22  1:43  Probe  
  23  2:00  Probe  
  24  2:03  Stalker  
  24  2:05  Warp Gate (Chrono Boost)  
  24  2:06  Stalker  
  28  2:18  Pylon  
  28  2:33  Stalker  
  28  2:36  Stalker  
  31  3:02  Nexus  
  31  3:13  Stalker x2  
  31  3:18  Probe  
  34  3:40  Probe  
  31  3:45  Robotics Facility  
  31  3:48  Probe  
  32  3:56  Probe  
  33  4:07  Probe  
  33  4:08  Shield Battery  
  30  4:11  Stalker, Sentry  
  30  4:15  Probe  
  32  4:22  Probe  
  32  4:28  Probe  
  33  4:37  Probe (Chrono Boost)  
  34  4:45  Probe (Chrono Boost), Sentry  
  35  4:48  Probe (Chrono Boost)  
  39  4:54  Probe (Chrono Boost)  
  39  4:57  Probe (Chrono Boost)  
  39  4:58  Shield Battery  
  36  5:00  Probe (Chrono Boost)  
  35  5:13  Probe (Chrono Boost)  
  34  5:18  Probe (Chrono Boost)  
  34  5:23  Probe (Chrono Boost)  
  34  5:27  Immortal (Chrono Boost)  
  35  5:32  Sentry  
  41  5:40  Sentry  
  41  5:42  Probe x2  
  45  5:59  Sentry, Warp Prism (Chrono Boost)  
  45  6:04  Sentry  
  51  6:29  Stalker  
  53  6:33  Pylon  
  53  6:34  Pylon  
  53  6:39  Pylon  
  52  6:54  Stalker x2  
  56  7:04  Probe x2  
  52  7:29  Zealot x2  
Show
View Real Time Build Order
Export as new Build Order

DnS Protoss - Winner!

Build Orders: Oracle Opening, Zealot Archon 

Get SALT Encoding   

  12  0:00  Probe  
  13  0:12  Probe  
  14  0:17  Pylon  
  14  0:25  Probe (Chrono Boost)  
  15  0:37  Probe (Chrono Boost)  
  15  0:39  Gateway  
  16  0:44  Probe (Chrono Boost)  
  16  0:47  Assimilator  
  17  0:51  Probe (Chrono Boost)  
  17  0:54  Assimilator  
  18  1:03  Probe (Chrono Boost)  
  20  1:11  Probe (Chrono Boost)  
  20  1:15  Gateway  
  20  1:17  Probe  
  21  1:26  Cybernetics Core  
  21  1:29  Probe  
  22  1:35  Pylon  
  22  1:41  Probe  
  23  1:53  Probe  
  24  2:01  Warp Gate (Chrono Boost)  
  24  2:03  Stalker x2  
  28  2:12  Pylon  
  28  2:22  Stargate  
  28  2:27  Pylon  
  28  2:38  Stalker  
  28  2:40  Stalker  
  32  3:00  Nexus  
  32  3:06  Oracle (Chrono Boost)  
  35  3:16  Probe  
  36  3:21  Pylon  
  36  3:27  Shield Battery  
  34  3:43  Probe  
  34  3:44  Oracle  
  38  3:55  Stalker  
  38  3:56  Stalker  
  38  4:02  Shield Battery  
  40  4:04  Probe  
  41  4:13  Probe  
  41  4:16  Probe (Chrono Boost)  
  43  4:25  Probe (Chrono Boost)  
  43  4:26  Robotics Facility  
  43  4:29  Probe (Chrono Boost)  
  45  4:33  Sentry  
  45  4:36  Probe (Chrono Boost)  
  45  4:37  Probe (Chrono Boost)  
  49  4:41  Probe (Chrono Boost)  
  49  4:43  Probe  
  49  4:44  Pylon  
  51  4:51  Probe  
  52  4:55  Probe  
  52  4:56  Forge  
  53  5:03  Probe  
  54  5:07  Probe  
  55  5:14  Observer (Chrono Boost)  
  55  5:15  Probe  
  55  5:19  Nexus  
  57  5:21  Pylon  
  57  5:23  Probe  
  57  5:26  Sentry  
  57  5:27  Protoss Ground Weapons Level 1 (Chrono Boost)  
  57  5:28  Probe  
  61  5:35  Probe  
  62  5:36  Assimilator  
  62  5:40  Probe, Assimilator  
  63  5:45  Immortal (Chrono Boost)  
  63  5:47  Probe  
  68  5:53  Probe  
  68  5:56  Pylon  
  69  6:00  Twilight Council  
  69  6:12  Shield Battery x2  
  69  6:14  Shield Battery  
  69  6:17  Pylon  
  69  6:22  Immortal (Chrono Boost)  
  73  6:32  Gateway x2  
  70  6:38  Templar Archives  
  70  6:48  Stalker x2  
  70  6:50  Shield Battery  
  70  6:51  Pylon  
  70  6:53  Immortal (Chrono Boost)  
  78  7:04  Pylon  
  78  7:19  High Templar x2  
  82  7:23  Archon  
Tags
 
Add a new tag
Caveats
  • Supply blocks, unpowered buildings, or Contaminate may cause inaccurate times.
  • Supply counts are checked every 10 seconds.